cohdb
Replays
Latest Replays
All Replays
Popular Replays
Top Player Replays
Match Explorer
How It Works
Community
CoH3 Stats
Reddit
Sign in to upload your games and track your stats! →
Sign in with Steam
Match 42329372
Unlisted
Match 42329372
Overview
Messages
Build Orders
End
Construct Section Command Post
Vickers Machine Gun Team
Selects Indian Artillery Battlegroup
Dingo Light Scout Car
Infantry Section
Infantry Section
Construct Field Infirmary
Selects War Cry
Infantry Section
Selects Gurkha Rifles Section
Selects Gurkha Rifles Section
Construct Platoon Command Post
Gurkha Rifles Section
Gurkha Rifles Section
6-pounder Anti-tank Gun Team
Construct Company Command Post
Crusader II Medium Tank
Grenade Package
Crusader II Medium Tank
Matilda II Heavy Tank
Selects Volunteer Infantry
Selects Artillery Saturation
Selects Off-map Airburst Barrage
Selects BL5.5 Artillery Emplacement
Off-map Airburst Barrage
Matilda II Heavy Tank
Off-map Airburst Barrage
Matilda II Heavy Tank
Off-map Airburst Barrage
Matilda II Heavy Tank
Armored Vehicle Training
Gurkha Rifles Section
War Cry
Off-map Airburst Barrage
Matilda II Heavy Tank
Royal Engineer Section
Off-map Airburst Barrage
Crusader II Medium Tank
Crusader II Medium Tank
Royal Engineer Section
[TFL]Johnny Rico
Shishlik
ItsBrettos
vonAJ
Rob31
Nailimixam
Xeno
Lt Ghost
0
0
Comments
sign in to comment!
No comments posted yet!